 Dungeon Crawl Stone Soup version 0.19.1-1-g22dce08 (webtiles) character file.

1409 Alarkh the Conjurer (level 8, -1/52 HPs)
             Began as a Mummy Conjurer on Jan 15, 2017.
             Was a Follower of Okawaru.
             Blown up by a wight (21 damage)
             ... with a wand of disintegration
             ... on level 6 of the Dungeon.
             The game lasted 00:09:33 (6961 turns).

Alarkh the Conjurer (Mummy Conjurer)                Turns: 6961, Time: 00:09:34

Health: -1/52      AC:  4    Str: 16    XL:     8   Next: 42%
Magic:  10/17      EV: 12    Int: 16    God:    Okawaru [*.....]
Gold:   187        SH:  0    Dex: 12    Spells: 3 memorised, 11 levels left

rFire  x . .     SeeInvis .     r - +1 hand axe (chop)
rCold  + . .     Gourm    .     a - +0 robe
rNeg   + + +     Faith    .     (no shield)
rPois  ∞         Spirit   .     (no helmet)
rElec  .         Reflect  .     (no cloak)
rCorr  .         Harm     .     n - +0 pair of gloves
MR     +....                    p - +0 pair of boots {Stlth+}
Stlth  +++.......               (no amulet)
                                (no ring)
                                i - +4 ring of strength

@: no status effects
A: no food or potions, fire vulnerability, cold resistance 1, negative energy
resistance 3, torment resistance, unbreathing
a: Heroism, Renounce Religion


You were on level 6 of the Dungeon.
You worshipped Okawaru.
Okawaru was aware of your devotion.
You were not hungry.

You visited 2 branches of the dungeon, and saw 8 of its levels.

You collected 187 gold pieces.

Inventory:

Hand Weapons
 c - a +0 dagger
 f - a +0 mace
 r - a +1 hand axe of chopping (weapon)
Armour
 a - a +0 robe (worn)
 n - a +0 pair of gloves (worn)
 p - a +0 pair of boots of stealth (worn)
Jewellery
 i - a +4 ring of strength (left hand)
Wands
 k - a wand of polymorph (11/24)
 o - a wand of random effects (0/48)
 t - a wand of lightning (13/15)
Scrolls
 d - a scroll of fog
 e - a scroll of identify
 g - a scroll of immolation
 h - a scroll of recharging
 j - 2 scrolls of remove curse
 l - a scroll of teleportation
 m - a scroll of amnesia
 s - a scroll of random uselessness
 u - a scroll of enchant armour {unknown}
Books
 b - a book of Conjurations

   Spells                             Type                      Level
   a - Magic Dart                     Conjuration                  1
   b - Searing Ray                    Conjuration                  2
   c - Dazzling Spray                 Conjuration/Hexes            3
   d - Fulminant Prism                Conjuration/Hexes            4
   e - Iskenderun's Mystic Blast      Conjuration                  4
   f - Iskenderun's Battlesphere      Conjuration/Charms           5
 q - a book of Maledictions

   Spells                             Type                      Level
   a - Corona                         Hexes                        1
   b - Ensorcelled Hibernation        Hexes/Ice                    2
   c - Confuse                        Hexes                        3
   d - Tukima's Dance                 Hexes                        3
   e - Dazzling Spray                 Conjuration/Hexes            3


   Skills:
 - Level 1.5 Dodging
 - Level 1.5 Stealth
 + Level 6.0 Spellcasting
 + Level 6.2 Conjurations
 + Level 4.2 Charms


You had 11 spell levels left.
You knew the following spells:

 Your Spells              Type           Power        Failure   Level  Hunger
a - Magic Dart            Conj           ###.         1%          1    N/A
b - Searing Ray           Conj           ###...       1%          2    N/A
c - Iskenderun's Battles  Conj/Chrm      ###.....     50%         5    N/A

Dungeon Overview and Level Annotations

Branches:
Dungeon (7/15)             Temple (1/1) D:4

Altars:
Ashenzari
Cheibriados
Dithmenos
Elyvilon
Fedhas
Gozag
Kikubaaqudgha
Makhleb
Okawaru
Ru
Sif Muna
Trog
Uskayaw
Vehumet
Xom
Yredelemnul
Zin
The Shining One

Annotations:
D:5 1 exclusion


Innate Abilities, Weirdness & Mutations

You do not eat or drink.
Your flesh is vulnerable to fire.
You are immune to poison.
Your flesh is cold resistant. (rC+)
You are immune to negative energy. (rN+++)
You are immune to unholy pain and torment.
You can survive without breathing.


Message History

The searing ray hits the worker ant.
You kill the worker ant!
Okawaru accepts your kill.
You finish channeling your searing ray.
Casting: Searing Ray
Confirm with . or Enter, or press ? or * to list all spells.
Aiming: Magic Dart
Press: ? - help, Shift-Dir - straight line, f - wight
Aim: a wight, wielding an enchanted great sword, wearing a robe and wearing an encrusted glass ring The magic dart hits the wight.
The wight zaps a wand.
You are blasted!
It is a wand of disintegration.
Casting: Magic Dart
Confirm with . or Enter, or press ? or * to list all spells.
Aiming: Magic Dart
Press: ? - help, Shift-Dir - straight line, f/p - wight
Aim: a wight, wielding an enchanted great sword, wearing a robe, wearing an encrusted glass ring and carrying a wand of disintegration {zapped: 1} The magic dart hits the wight.
The wight is lightly damaged.
The wight zaps a wand.
You are blasted!
You die...

....... ....... #
#####....... ..
#>.......... ...
#........z..
...#...........
...............
#..@....... ##.########
##+####'####
...........###########
...........#.........####
...........#.###.........
...........#.# #.........
##.####'####.# #(........
#.# #.# #.# #.........


You could see a wight.

Vanquished Creatures
  An ice beast (D:5)
  A black bear (D:6)
  A sky beast (D:5)
  An ogre (D:6)
  2 centaurs
  A bullfrog (D:6)
  A scorpion (D:4)
  4 wights (D:6)
  A crimson imp (D:6)
  An orc priest (D:3)
  2 hounds
  3 orc wizards
  2 centaur skeletons (D:4)
  6 worker ants
  4 gnolls (D:6)
  8 adders
  An adder skeleton (D:6)
  A worm (D:5)
  2 dart slugs (D:2)
  2 leopard geckos
  10 orcs
  4 giant cockroaches
  5 goblins
  11 hobgoblins
  4 jackals (D:1)
  11 kobolds
  4 quokkas
  3 ball pythons
  8 bats
  6 frilled lizards
  2 leopard gecko skeletons
  7 rats
120 creatures vanquished.

Notes
Turn   | Place    | Note
-------+----------+-------------------------------------------
     0 | D:1      | Alarkh the Mummy Conjurer began the quest for the Orb.
     0 | D:1      | Reached XP level 1. HP: 13/13 MP: 3/3
   164 | D:2      | Reached XP level 2. HP: 6/19 MP: 0/5
   784 | D:1      | Reached XP level 3. HP: 24/24 MP: 3/6
   789 | D:1      | Learned a level 2 spell: Searing Ray
  1447 | D:1      | Reached XP level 4. HP: 16/30 MP: 0/8
  2621 | D:3      | HP: 1/30 [orc priest/divine providence (11)]
  2622 | D:3      | Reached XP level 5. HP: 1/35 MP: 0/10
  3186 | D:3      | Learned a level 5 spell: Iskenderun's Battlesphere
  3712 | D:4      | Reached skill level 1 in Charms
  3882 | D:4      | Reached XP level 6. HP: 36/41 MP: 1/12
  3967 | D:4      | Found a white marble altar of Elyvilon.
  4027 | D:4      | Found a shadowy altar of Dithmenos.
  4068 | D:4      | Found a staircase to the Ecumenical Temple.
  4076 | Temple   | Entered the Ecumenical Temple
  4280 | Temple   | Became a worshipper of Warmaster Okawaru
  4648 | D:4      | Reached skill level 5 in Conjurations
  5074 | D:5      | Entered Level 5 of the Dungeon
  5269 | D:5      | Found a basalt altar of Yredelemnul.
  5312 | D:5      | Reached XP level 7. HP: 17/46 MP: 4/13
  5582 | D:5      | Reached skill level 5 in Spellcasting
  5726 | D:5      | Reached * piety under Okawaru
  6394 | D:6      | Reached XP level 8. HP: 43/52 MP: 8/16
  6961 | D:6      | Blown up by a wight

Skill      XL: |  1  2  3  4  5  6  7  8 |
---------------+-------------------------+-----
Conjurations   | 4 5 6 |  6.2
Spellcasting   | 3 4 5 6 |  6.0
Charms         | 1 2 3 4 |  4.2
Dodging        | |  1.5
Stealth        | |  1.5

Action                   |  1- 3 |  4- 6 |  7- 9 || total
-------------------------+-------+-------+-------++-------
Melee: Dagger            |    12 |       |       ||    12
       Mace              |    14 |     8 |       ||    22
       Hand axe          |       |    29 |    16 ||    45
 Cast: Magic Dart        |    76 |   159 |    67 ||   302
       Searing Ray       |       |     7 |    14 ||    21
Evoke: Wand              |       |       |    30 ||    30
  Use: Scroll            |       |       |     9 ||     9
 Stab: Sleeping          |       |     1 |       ||     1
Armor: Robe              |    22 |    18 |    18 ||    58
Dodge: Dodged            |    55 |    50 |    54 ||   159
